 Dungeon Crawl Stone Soup version 0.22-a0-283-g1871b15 (webtiles) character file.

7 Azzok the Digger (level 2, 0/15 HPs)
             Began as a Gargoyle Earth Elementalist on Mar 19, 2018.
             Slain by a kobold (3 damage)
             ... on level 1 of the Dungeon.
             The game lasted 00:00:31 (69 turns).

Azzok the Digger (Gargoyle Earth Elementalist)        Turns: 69, Time: 00:00:33

Health: 0/15       AC:  4    Str: 11    XL:     2   Next: 4%
Magic:  5/5        EV: 12    Int: 15    God:
Gold:   0          SH:  0    Dex: 10    Spells: 4/5 levels left

rFire    . . .     SeeInvis .   e - +0 short sword
rCold    . . .     Gourm    .   (no shield)
rNeg     + . .     Faith    .   c - +0 robe
rPois    ∞         Spirit   .   (no helmet)
rElec    +         Reflect  .   (no cloak)
rCorr    .         Harm     .   (no gloves)
MR       .....                  (no boots)
Stlth    ++........             (no amulet)
HPRegen  0.05/turn              (no ring)
MPRegen  0.09/turn              (no ring)

@: no status effects
A: negative energy resistance 1, electricity resistance, unbreathing,
petrification resistance, rot immunity, AC +2
a: no special abilities


You were on level 1 of the Dungeon.
You were not hungry.

You visited 1 branch of the dungeon, and saw 1 of its levels.

Inventory:

Hand Weapons
 e - a +0 short sword (weapon)
Missiles
 b - 30 stones (quivered)
Armour
 c - a +0 robe (worn)
Comestibles
 a - 4 chunks of flesh
 d - 2 rations


   Skills:
 - Level 1.5 Dodging
 - Level 2.1 Stealth
 - Level 2.0 Spellcasting
   Level 0.7 Transmutations
 + Level 4.3 Earth Magic


You had 4 spell levels left.
You knew the following spells:

 Your Spells              Type           Power        Failure   Level  Hunger
a - Sandblast             Erth           ##....       3%          1    #......


Dungeon Overview and Level Annotations

Branches:
Dungeon (1/15)

Altars:


Innate Abilities, Weirdness & Mutations

You are resistant to torment.
Your stone body is resilient. (AC +2)
You are immune to poison.
You resist negative energy. (rN+)
You are resistant to electric shocks. (rElec)
You can survive without breathing.
You are immune to petrification.
You are immune to rotting.


Message History

Your Earth Magic skill increases to level 4!
The kobold throws a stone.
The stone barely misses you.
You completely miss the dart slug. The dart slug launches a dart at you.
The slug dart hits you!
Ouch! That really hurt!
* * * LOW HITPOINT WARNING * * *
You hit the dart slug.
The dart slug is lightly wounded.
You hit the dart slug.
The dart slug is heavily wounded.
The dart slug launches a dart at you. The slug dart hits you!
* * * LOW HITPOINT WARNING * * *
A goblin comes into view. It is wielding a club.
You hit the dart slug.
You kill the dart slug!
You have reached level 2!
You barely miss the kobold. The kobold hits you.
You die...

·· ·▒ ▒ · ▒ ·▒▒·▒·▒ ·· ···
·· ▒▒▒·▒▒▒▒▒▒·▒▒·▒·▒
················· ·
▒····g······▒ ▒▒▒▒▒▒▒▒·
▒·▒▒▒K▒▒▒···· ········· ▒
▒@▒ · ········▒ ▒·▒
········╬ ▒·▒▒▒▒▒▒▒·▒
········▒▒▒▒▒▒▒▒·········▒
········'····÷÷)·········▒
········▒▒▒▒▒▒▒▒▒········▒
········▒ ▒▒▒▒▒▒▒▒·▒
········▒
········▒▒▒▒▒▒▒▒▒▒▒▒▒


You could see a goblin and a kobold.

Vanquished Creatures
  A dart slug (D:1)
  A ball python (D:1)
  A frilled lizard (D:1)
  3 goblins (D:1)
6 creatures vanquished.

Notes
Turn   | Place    | Note
-------+----------+-------------------------------------------
     0 | D:1      | Azzok the Gargoyle Earth Elementalist began the quest for the Orb.
     0 | D:1      | Reached XP level 1. HP: 10/10 MP: 3/3
    64 | D:1      | Reached skill level 4 in Earth Magic
    68 | D:1      | Reached XP level 2. HP: 3/15 MP: 5/5
    69 | D:1      | Slain by a kobold

Vault maps used:
D:1:      dpeg_arrival_long_road

Skill      XL: |  1 |
---------------+----+-----
Earth Magic    | 4 |  4.3
Dodging        | |  1.5
Stealth        | |  2.1
Spellcasting   | |  2.0
Transmutations | |  0.7

Action                   || total
-------------------------++-------
Melee: Unarmed           ||    15
       Short sword       ||     6
Armor: Robe              ||     4
Dodge: Dodged            ||    14

Table legend:
 A = Spawn XP
 B = Non-spawn XP
 C = Spawn XP percentage of total XP
 D = Spawn monster count
 E = Non-spawn monster count
 F = Spawn count percentage of total count
 G = Total turns spent on level
                    A         B        C        D         E        F      G
               +---------+---------+-------+---------+---------+-------+---------
         Total |       0 |      11 |   0.0 |       0 |       6 |   0.0 |    69
               +---------+---------+-------+---------+---------+-------+---------
           D:1 |       0 |      11 |   0.0 |       0 |       6 |   0.0 |    69
               +---------+---------+-------+---------+---------+-------+---------
